Map: Lerilak Crest

Players

Puplo

  • Race: Protoss Protoss
  • League: Grandmaster

Toons - Winner!

  • Race: Terran Terran
  • League: Silver

VOD

Have the link to the VOD?

Description

Time

  • Played on: Aug. 1, 2015, 7:22 a.m.
  • Length: 2:46
Show
View Real Time Build Order
Export as new Build Order

Puplo Protoss 

Build Orders:  

Get SALT Encoding   

  12  0:14  Probe  
  12  0:18  Pylon  
  13  0:26  Probe  
  14  0:40  Gateway, Probe  
  15  0:47  Assimilator  
  15  0:52  Probe  
  16  1:05  Probe  
  17  1:17  Probe  
  18  1:29  Cybernetics Core  
  18  1:31  Zealot  
  20  1:35  Probe  
  20  1:36  Pylon  
  20  1:38  Assimilator  
  22  1:47  Probe  
  22  1:59  Probe  
  23  2:03  Pylon  
  23  2:09  Pylon  
  23  2:16  Stalker  
Show
View Real Time Build Order
Export as new Build Order

Toons Terran - Winner!

Build Orders:  

Get SALT Encoding   

  12  0:01  SCV  
  13  0:13  SCV  
  14  0:17  Supply Depot  
  14  0:25  SCV  
  15  0:32  Refinery  
  15  0:39  SCV  
  16  0:45  Barracks  
  16  0:51  SCV  
  17  1:03  SCV  
  18  1:15  SCV  
  18  1:17  Refinery  
  19  1:22  Supply Depot  
  19  1:27  SCV  
  20  1:33  Reaper  
  21  1:41  SCV  
  22  1:50  Factory  
  22  1:53  SCV  
  23  2:00  Supply Depot  
  23  2:05  SCV, Marine  
  25  2:17  SCV  
  26  2:24  Marine  
  28  2:30  SCV  
Tags
 
Add a new tag
Caveats
  • Supply blocks, unpowered buildings, or Contaminate may cause inaccurate times.
  • Supply counts are checked every 10 seconds.